 Dungeon Crawl Stone Soup version 0.31-a0-187-gba352fbbf7 (webtiles) character file.

Game seed: 15730529800051286979

1094 rabbitsville the Magician (level 8, -15/57 HPs)
             Began as a Hill Orc Fire Elementalist on June 22, 2023.
             Was an Initiate of Gozag.
             Demolished by a gargoyle
             ... wielding a +0 flail
              (23 damage)
             ... on level 5 of the Dungeon on June 23, 2023.
             The game lasted 00:14:46 (4832 turns).

rabbitsville the Magician (HOFE)                    Turns: 4832, Time: 00:14:47

Health: -15/57     AC:  3    Str: 11    XL:     8   Next: 31%
Magic:  12/18      EV: 12    Int: 23    God:    Gozag
Gold:   345        SH:  0    Dex: 11    Spells: 18/21 levels left

rFire   . . .        d - +0 whip
rCold   . . .        (no shield)
rNeg    . . .        a - +0 robe
rPois   .            (no helmet)
rElec   .            u - +0 cloak
rCorr   +            (no gloves)
SInv    .            (no boots)
Will    .....        (no amulet)
Stlth   ++           c - ring of resist corrosion
HPRegen 0.29/turn    s - +6 ring of intelligence
MPRegen 0.16/turn

%: no passive effects
@: about to teleport
A: no striking features
a: Renounce Religion, Potion Petition, Call Merchant, Bribe Branch


You were on level 5 of the Dungeon.
You worshipped Gozag.
Gozag was aware of your devotion.
You visited 1 branch of the dungeon, and saw 6 of its levels.

You collected 410 gold pieces.
You paid 65 gold pieces to Gozag.

Inventory:

Hand Weapons
 d - a +0 whip (weapon)
Armour
 a - a +0 robe (worn)
 u - a +0 cloak (worn)
Magical Staves
 v - a staff of air
Jewellery
 c - a ring of resist corrosion (left hand)
 s - a +6 ring of intelligence (right hand)
Wands
 w - a wand of iceblast (6)
Scrolls
 g - 3 scrolls of identify {unknown}
 i - 3 scrolls of immolation {unknown}
 k - 3 scrolls of teleportation
 l - a scroll of vulnerability {unknown}
 n - a scroll of enchant armour {unknown}
 p - 2 scrolls of fear {unknown}
 r - a scroll of noise {unknown}
 x - a scroll of summoning {unknown}
 y - a scroll of revelation {unknown}
 z - a scroll of poison {unknown}
Potions
 b - 2 potions of magic
 e - 4 potions of curing {unknown}
 f - 2 potions of heal wounds {unknown}
 h - a potion of ambrosia {unknown}
 j - 3 potions of brilliance {unknown}
 m - a potion of enlightenment {unknown}
 o - a potion of berserk rage {unknown}
 q - a potion of haste {unknown}
 t - a potion of cancellation {unknown}
 A - a potion of mutation {unknown}


   Skills:
 - Level 1.5 Dodging
 - Level 1.5 Stealth
 * Level 7.2 Spellcasting
 - Level 1.0 Conjurations
 + Level 4.4 Fire Magic


You had 18 spell levels left.
You knew the following spells:

 Your Spells              Type           Power      Damage    Failure   Level
a - Foxfire               Conj/Fire      80%        2x1d8     2%          1
b - Scorch                Fire           56%        2d7       1%          2

Your spell library contained the following spells:

 Spells                   Type           Power      Damage    Failure   Level
 Sandblast                Erth           16%        2d6       8%          1
 Inner Flame              Hex/Fire       18%        N/A       9%          3
 Volatile Blastmotes      Fire/Tloc      36%        2d13      9%          3
 Passwall                 Tmut/Erth      6%         N/A       12%         2
 Stone Arrow              Conj/Erth      20%        3d8       19%         3
 Flame Wave               Conj/Fire      20%        2d7       24%         4


Dungeon Overview and Level Annotations

Branches:
Dungeon (6/15)
 Temple: D:4-7

Altars:
Cheibriados
Gozag
Kikubaaqudgha
Nemelex Xobeh
Sif Muna
Trog

Shops:
D:5 *

Annotations:
D:6 Prince Ribbit


Message History

a +0 dagger; a +0 robe Magic restored.
HP restored.
Done exploring.
There is a stone staircase leading down here.
You climb downwards.
Level annotation: Prince Ribbit The gargoyle barely misses you.
Found a leather armour.
Found a stone staircase leading down.
There is a stone staircase leading up here.
The gargoyle barely misses you.
You climb upwards.
There is a stone staircase leading down here.
You conjure some foxfire!
The gargoyle closely misses you.
You conjure some foxfire!
The foxfire hits the gargoyle.
The gargoyle is lightly damaged.
The foxfire hits the gargoyle but does no damage.
The gargoyle is lightly damaged.
The gargoyle hits you with a +0 flail!
Flames lash the gargoyle but do no damage.
The foxfire hits the gargoyle but does no damage.
The gargoyle is lightly damaged.
The foxfire hits the gargoyle.
The gargoyle is lightly damaged.
The gargoyle hurls a stone arrow at you.
The stone arrow hits you!
You are too injured to fight recklessly!
Casting: Scorch (safe; 1% risk of failure)
Press: ? - help, Q - select action, (/) - cycle Dir - look around, f - activate Flames lash the gargoyle.
The gargoyle is moderately damaged.
The gargoyle's fire resistance burns away.
The gargoyle hurls a stone arrow at you.
The stone arrow hits you!!
* * * LOW HITPOINT WARNING * * *
As you read the scroll labelled AXKOSE PAUPLU, it crumbles to dust.
You feel strangely unstable.
It was a scroll of teleportation.
The gargoyle hits you with a +0 flail!!
You die...
Your body crumbles into a pile of gold.

##...........................
#########...#...............
########.####.........##...
##........).##.........#####
##.....................## #.
#..............##......# #.
#..............#######.# #.
#>.............# #.# ###.
#...........@..# ####.###...
#.<........9...# ##..........
##............####..##.##....
##..........#.....#...##....
##########.#............#..
##....................
##.........#####.#..#..
#...####...# #...##.. #####
#...# #.####..


You could see a gargoyle (combustible).

Vanquished Creatures
  A shadow (D:5)
  3 black bears (D:5)
  An ogre (D:4)
  3 phantoms (D:5)
  Blork the orc (D:5)
  A hound (D:4)
  An iguana (D:5)
  2 sleepcaps (D:4)
  An orc wizard (D:5)
  4 gnolls
  4 adders
  2 worms
  2 dart slugs
  2 orcs
  9 endoplasms
  6 giant cockroaches
  5 goblins
  8 hobgoblins
  3 kobolds
  5 quokkas
  10 ball pythons
  5 bats
  A frilled lizard (D:2)
  6 rats
86 creatures vanquished.

Vanquished Creatures (collateral kills)
  2 foxfires (D:2)
2 creatures vanquished.

Vanquished Creatures (others)
  206 foxfires
206 creatures vanquished.

Grand Total: 294 creatures vanquished

Notes
Turn   | Place    | Note
-------+----------+-------------------------------------------
     0 | D:1      | rabbitsville the Hill Orc Fire Elementalist began the quest
                  | for the Orb.
     0 | D:1      | Reached XP level 1. HP: 14/14 MP: 3/3
   184 | D:1      | Reached skill level 2 in Spellcasting
   239 | D:1      | Reached XP level 2. HP: 20/20 MP: 0/5
   885 | D:1      | Learned a level 2 spell: Scorch
   953 | D:2      | Reached XP level 3. HP: 26/26 MP: 3/6
  1320 | D:2      | Reached skill level 3 in Spellcasting
  1425 | D:2      | Reached XP level 4. HP: 30/33 MP: 2/8
  2516 | D:4      | Reached XP level 5. HP: 32/38 MP: 7/10
  2922 | D:4      | Noticed an ogre
  2934 | D:4      | Killed an ogre
  2935 | D:4      | Reached skill level 4 in Spellcasting
  3058 | D:4      | Found a shimmering blue altar of Sif Muna.
  3059 | D:4      | Found a snail-covered altar of Cheibriados.
  3059 | D:4      | Found an opulent altar of Gozag.
  3059 | D:4      | Found an ancient bone altar of Kikubaaqudgha.
  3073 | D:4      | Became a worshipper of Gozag Ym Sagoz the Greedy
  3520 | D:5      | Entered Level 5 of the Dungeon
  3534 | D:5      | Reached XP level 6. HP: 45/45 MP: 7/12
  3683 | D:5      | Reached skill level 5 in Spellcasting
  3687 | D:5      | Noticed a black bear
  3692 | D:5      | Killed a black bear
  3693 | D:5      | Reached XP level 7. HP: 50/50 MP: 2/15
  3729 | D:5      | Noticed Blork the orc
  3735 | D:5      | Killed Blork the orc
  3819 | D:5      | Reached skill level 6 in Spellcasting
  3929 | D:5      | Found a bloodstained altar of Trog.
  4260 | D:4      | Reached XP level 8. HP: 31/57 MP: 12/18
  4528 | D:5      | Found Bucy's Serpentskin Sales.
  4658 | D:6      | Noticed Prince Ribbit
  4671 | D:6      | Noticed a shadow
  4671 | D:6      | Found a sparkling altar of Nemelex Xobeh.
  4680 | D:5      | Killed a shadow
  4681 | D:5      | Reached skill level 7 in Spellcasting
  4825 | D:6      | Noticed a gargoyle
  4832 | D:5      | Demolished by a gargoyle

Illustrated notes

Levels and vault maps discovered:
D:1:      minmay_arrival_diagonal_passages, layout_loops_cross
D:2:      layout_basic, serial_bayou_lake_a
D:3:      layout_rooms
D:4:      layout_basic, chequers_temple_overflow_statue_of_worship
D:5:      layout_rooms, trog_ov_bears_minmay, guppyfry_shop_venom,
          uniq_blork_the_orc
D:6:      layout_basic, mainiacjoe_overflow_small_starburst, uniq_prince_ribbit1

Skill      XL: |  1  2  3  4  5  6  7  8 |
---------------+-------------------------+-----
Spellcasting   | 2 3 4 5 6 7 |  7.2
Fire Magic     | 4 |  4.4
Dodging        | |  1.5
Stealth        | |  1.5
Conjurations   | |  1.0

Action                     |  1- 3 |  4- 6 |  7- 9 || total
---------------------------+-------+-------+-------++-------
  Melee: Whip              |    17 |    12 |     6 ||    35
   Cast: Foxfire           |    47 |    46 |    24 ||   117
         Scorch            |     3 |    25 |    34 ||    62
    Use: Scroll            |       |       |     1 ||     1
 Armour: Robe              |     4 |     5 |     5 ||    14
  Dodge: Dodged            |    12 |    10 |    22 ||    44

Table legend: (Time is in decaauts)
 A = Elapsed time spent in this place.
 B = Non-inter-level travel time spent in this place.
 C = Inter-level travel time spent in this place.
 D = Time resting spent in this place.
 E = Time spent auto-exploring this place.
 F = Levels seen in this place.
 G = Mean time per level.
                   A        B        C        D        E       F      G
               +--------+--------+--------+--------+--------+-----+--------+
         Total |   4867 |   4699 |    168 |    108 |   3761 |   6 |  811.2 |
       Dungeon |   4867 |   4699 |    168 |    108 |   3761 |   6 |  811.2 |
               +--------+--------+--------+--------+--------+-----+--------+

Top non-repeatable levels by time:
     D:4: 1327 daAuts
     D:5: 1163 daAuts
     D:1: 886 daAuts
     D:2: 829 daAuts
     D:3: 650 daAuts
     D:6: 10 daAuts
